 Dungeon Crawl Stone Soup version 0.22.1-2-g9c5b331383 (webtiles) character file.

105 H0rd4k the Charlatan (level 5, -1/37 HPs)
             Began as a Human Artificer on Dec 19, 2018.
             Succumbed to kobold's curare-tipped needle
             ... on level 3 of the Dungeon.
             The game lasted 00:05:34 (2319 turns).

H0rd4k the Charlatan (Human Artificer)              Turns: 2319, Time: 00:05:35

Health: -1/37      AC:  3    Str: 14    XL:     5   Next: 9%
Magic:  8/8        EV: 12    Int: 11    God:
Gold:   142        SH:  0    Dex: 13    Spells: 4/5 levels left

rFire    . . .     SeeInvis .   c - +2 dagger (protect)
rCold    . . .     Gourm    .   (no shield)
rNeg     . . .     Faith    .   b - +0 leather armour
rPois    .         Spirit   .   (no helmet)
rElec    .         Reflect  .   (no cloak)
rCorr    .         Harm     .   (no gloves)
MR       .....                  (no boots)
Stlth    +.........             (no amulet)
HPRegen  0.12/turn              (no ring)
MPRegen  0.11/turn              (no ring)

@: lethally poisoned (-1 -> -42), slowed, very slow
A: no striking features
a: no special abilities


You were on level 3 of the Dungeon.
You were not hungry.

You visited 1 branch of the dungeon, and saw 3 of its levels.

You collected 142 gold pieces.

Inventory:

Hand Weapons
 a - a +0 short sword
 c - a +2 dagger of protection (weapon)
 i - a +0 hunting sling
Missiles
 g - 59 bolts
 h - 68 arrows
Armour
 b - a +0 leather armour (worn)
Jewellery
 q - an uncursed ring of see invisible {unknown}
Wands
 d - a wand of enslavement (15)
 e - a wand of random effects (9)
Scrolls
 j - 2 scrolls of identify {unknown}
 k - 2 scrolls of blinking {unknown}
 l - 2 scrolls of remove curse {unknown}
 m - 3 scrolls of teleportation {unknown}
Potions
 n - a potion of heal wounds {unknown}
 o - a potion of lignification {unknown}
 p - a potion of flight {unknown}
Comestibles
 f - 4 rations
 r - 2 chunks of flesh


   Skills:
 + Level 1.3 Fighting
 + Level 1.8 Short Blades
 + Level 1.3 Armour
 - Level 2.4 Dodging
 + Level 1.0 Stealth
 * Level 0.5 Spellcasting
 * Level 0.4 Hexes
 + Level 4.1 Evocations


You had 4 spell levels left.
You knew the following spells:

 Your Spells              Type           Power        Failure   Level  Hunger
a - Confusing Touch       Hex            #.....       34%         1    ##.....

Your spell library contained the following spells:

 Spells                   Type           Power        Failure   Level  Hunger
 Confuse                  Hex            #.......     71%         3    ####...
 Gell's Gravitas          Tloc           #.........   77%         3    ####...
 Petrify                  Tmut/Erth      #.......     99%         4    #####..
 Metabolic Englaciation   Hex/Ice        #.........   100%        5    ######.
 Yara's Violent Unravell  Hex/Tmut       #.........   100%        5    ######.


Dungeon Overview and Level Annotations

Branches:
Dungeon (3/15)

Altars:
Fedhas
Kikubaaqudgha
Okawaru
Sif Muna
Uskayaw


Message History

Things that are here:
a curare-tipped needle; a club; an orc corpse You feel sick.
The kobold shoots a curare-tipped needle.
The curare-tipped needle hits you.
You are lethally poisoned!
You have difficulty breathing.
You feel as though you will be slow longer.
The kobold shoots a curare-tipped needle.
The curare-tipped needle hits you.
You are more poisoned.
You have difficulty breathing.
* * * LOW HITPOINT WARNING * * *
You feel as though you will be slow longer.
The hobgoblin barely misses you.
You see here 2 curare-tipped needles.
* * * LOW HITPOINT WARNING * * *
You feel very sick. The hobgoblin closely misses you.
You die...

..#........##.###
#...........##...
.##.##...........#
.................#
≈≈≈.≈≈≈≈≈.......<#
≈≈≈.≈≈≈≈≈........#
≈≈≈.≈≈≈≈≈.)......#
≈≈≈.≈≈≈≈≈.######.#
≈≈≈......@# ##.#
.....≈≈≈≈.###.....
≈≈≈≈.≈≈≈≈(g...##.##
≈≈≈≈.≈≈≈≈.(.......
≈≈≈≈.≈≈≈≈.#....(..
≈≈≈≈.≈≈≈≈.#..K....
...?......#.......
###.##..###.......
#..... .......


You could see a hobgoblin and a kobold.

Vanquished Creatures
  4 adders (D:2)
  2 worms (D:2)
  A dart slug (D:2)
  3 leopard geckos
  2 orcs (D:3)
  2 giant cockroaches (D:2)
  7 goblins
  3 hobgoblins
  6 jackals
  10 kobolds
  6 bats
  5 frilled lizards
  5 rats
56 creatures vanquished.

Notes
Turn   | Place    | Note
-------+----------+-------------------------------------------
     0 | D:1      | H0rd4k the Human Artificer began the quest for the Orb.
     0 | D:1      | Reached XP level 1. HP: 15/15 MP: 3/3
   311 | D:1      | Reached XP level 2. HP: 14/21 MP: 4/4
   756 | D:2      | Reached XP level 3. HP: 26/26 MP: 5/5
   924 | D:2      | Reached skill level 1 in Armour
  1108 | D:2      | Reached XP level 4. HP: 32/32 MP: 6/6
  1117 | D:2      | Found a hide-covered altar of Uskayaw.
  1120 | D:2      | Noticed a dagger
  1120 | D:2      | Noticed an enchanted hand axe
  1176 | D:2      | Reached skill level 4 in Evocations
  1214 | D:2      | Found a deep blue altar of Sif Muna.
  1214 | D:2      | Found a blossoming altar of Fedhas.
  1287 | D:2      | Learned a level 1 spell: Confusing Touch
  1319 | D:2      | Found an iron altar of Okawaru.
  1861 | D:2      | Found an ancient bone altar of Kikubaaqudgha.
  2124 | D:1      | Reached XP level 5. HP: 35/37 MP: 8/8
  2319 | D:3      | Succumbed to kobold's curare-tipped needle

Skill      XL: |  1  2  3  4 |
---------------+-------------+-----
Armour         | 1 |  1.3
Evocations     | 4 |  4.1
Fighting       | |  1.3
Short Blades   | |  1.8
Dodging        | |  2.4
Stealth        | |  1.0
Spellcasting   | |  0.5
Hexes          | |  0.4

Action                   |  1- 3 |  4- 6 || total
-------------------------+-------+-------++-------
Melee: Short sword       |    79 |   116 ||   195
       Dagger            |       |    49 ||    49
Evoke: Wand              |    14 |     7 ||    21
  Use: Potion            |       |     2 ||     2
 Stab: Distracted        |       |     1 ||     1
  Eat: Chunk             |     1 |     4 ||     5
Armor: Leather armour    |    23 |    45 ||    68
Dodge: Dodged            |    64 |   113 ||   177
